 Dungeon Crawl Stone Soup version 0.17-a0-1479-g4041c36 (webtiles) character file.

109 hexophile the Magician (level 4, -4/36 HPs)
             Began as a Naga Wizard on July 3, 2015.
             Slain by a goblin
             ... wielding a +0 dagger
             ... led by Robin
              (6 damage)
             ... on level 1 of the Dungeon.
             The game lasted 00:05:50 (2497 turns).

hexophile the Magician (Naga Wizard)                Turns: 2497, Time: 00:05:50

Health: -4/36      AC:  2    Str:  9    XL:     4   Next: 90%
Magic:  7/10       EV: 10    Int: 19    God:
Gold:   54         SH:  0    Dex: 10    Spells: 4 memorised, 2 levels left

rFire  . . .     SeeInvis +     u - -1 dagger (curse)
rCold  . . .     Clarity  .     a - +0 robe
rNeg   . . .     SustAt   .     (no shield)
rPois  +         Gourm    .     b - +0 hat
rElec  .         Spirit   .     (no cloak)
rCorr  .         Warding  .     (no gloves)
rMut   .         Stasis   .     (no barding)
MR     .....                    (no amulet)
Stlth  ++........               (no ring)
                                (no ring)

@: short of breath, very slightly contaminated, very slow, not resistant to
hostile enchantments, unstealthy
A: see invisible, deformed body, poison resistance, slowness 2, slow metabolism
1, spit poison 2, AC +1
a: Spit Poison


You were on level 1 of the Dungeon.
You were hungry.

You visited 1 branch of the dungeon, and saw 2 of its levels.

You collected 54 gold pieces.

Inventory:

Hand weapons
 g - a +0 short sword
 u - a cursed -1 dagger (weapon)
Armour
 a - a +0 robe (worn)
 b - a +0 hat (worn)
Jewellery
 f - an uncursed ring of positive energy {unknown}
 s - a cursed ring of magical power {unknown}
 t - a +4 ring of intelligence {unknown}
Scrolls
 e - 2 scrolls of fog {unknown}
 h - a scroll of teleportation
 k - a scroll of recharging {unknown}
 l - a scroll of enchant armour {unknown}
 n - 3 scrolls of identify {unknown}
 o - a scroll of blinking {unknown}
 q - a scroll of magic mapping {unknown}
Books
 c - a book of Minor Magic

   Spells                             Type                      Level
   a - Magic Dart                     Conjuration                  1
   b - Blink                          Translocation                2
   c - Call Imp                       Summoning                    2
   d - Repel Missiles                 Charms/Air                   2
   e - Slow                           Hexes                        2
   f - Conjure Flame                  Conjuration/Fire             3
   g - Mephitic Cloud                 Conjuration/Poison/Air       3
Comestibles
 d - 4 bread rations
 i - a royal jelly
 p - 3 chunks of flesh
 r - a beef jerky


   Skills:
 + Level 2.0 Dodging
 - Level 3.0 Stealth
 * Level 4.0 Spellcasting
 * Level 2.5 Conjurations
   Level 1.0 Summonings
 - Level 1.0 Translocations
 + Level 0.4 Fire Magic
 + Level 1.0 Air Magic


You had 2 spell levels left.
You knew the following spells:

 Your Spells              Type           Power        Failure   Level  Hunger
a - Magic Dart            Conj           ##..         6%          1    None
b - Blink                 Tloc           N/A          14%         2    ##.....
c - Conjure Flame         Conj/Fire      #.......     28%         3    ###....
d - Mephitic Cloud        Conj/Pois/Air  #.......     28%         3    ###....


Dungeon Overview and Level Annotations

Branches:
Dungeon (2/15)

Altars:


Innate Abilities, Weirdness & Mutations

You cannot wear boots.
Your serpentine skin is tough (AC +1).
You have supernaturally acute eyesight.
Armour fits poorly on your strangely shaped body.
Your system is resistant to poisons.
You cover ground very slowly.
You have a slow metabolism.
You can spit poison.


Message History

You kill Robin!
Your Spellcasting skill increases to level 4!
Your Air Magic skill increases to level 1!
You feel slightly more hungry. The goblin hits you with a dagger.
* * * LOW HITPOINT WARNING * * *
The goblin closely misses you.
Drink which item? (? for menu, Esc to quit)
Okay, then.
Drink which item? (? for menu, Esc to quit)
Magic courses through your body. The goblin barely misses you.
The goblin hits you with a dagger.
* * * LOW HITPOINT WARNING * * *
Casting: Magic Dart
Confirm with . or Enter, or press ? or * to list all spells.
Aiming: Mephitic Cloud
Press: ? - help, Shift-Dir - straight line, f - goblin
Aim: a goblin, wielding a dagger (moderately wounded, consumed by blood-lust)
You miscast Mephitic Cloud.
You feel electric! The goblin hits you but does no damage.
The goblin hits you with a dagger.
You die...

#...# #.......#.......###
#...####.......#..........
#..............###########
###............#
#.........######
#...#########
#...........#
#...........#
##.......@g.# #.......)g.#
#..........# #>.........#
#..........# #....>.....#
#........[.# ############


You could see 2 goblins.

Vanquished Creatures
  Ijyb (D:2)
  Robin (D:1)
  2 adders
  2 oozes
  4 giant cockroaches
  7 goblins
  5 hobgoblins (D:2)
  4 jackals (D:2)
  4 bats (D:1)
  5 giant newts
  4 kobolds
  6 rats
45 creatures vanquished.

Notes
Turn   | Place    | Note
--------------------------------------------------------------
     0 | D:1      | hexophile the Naga Wizard began the quest for the Orb.
     0 | D:1      | Reached XP level 1. HP: 15/15 MP: 4/4
   174 | D:1      | Reached XP level 2. HP: 1/22 MP: 0/6
  1350 | D:1      | Reached XP level 3. HP: 17/28 MP: 0/8
  1354 | D:1      | Learned a level 2 spell: Blink
  1358 | D:1      | Learned a level 3 spell: Conjure Flame
  1362 | D:1      | Learned a level 3 spell: Mephitic Cloud
  1689 | D:2      | Noticed Ijyb
  1700 | D:2      | Killed Ijyb
  1700 | D:2      | Reached XP level 4. HP: 32/36 MP: 1/9
  2248 | D:2      | Noticed Robin
  2495 | D:1      | Killed Robin
  2495 | D:1      | Reached skill level 4 in Spellcasting
  2495 | D:1      | Reached skill level 1 in Air Magic
  2497 | D:1      | Slain by a goblin

Vault maps used:
D:1:      dpeg_arrival_chase
D:2:      hangedman_decor_riveting, uniq_iyjb, uniq_robin

Action                   |  1- 3 |  4- 6 || total
-------------------------+-------+-------++-------
Melee: Unarmed           |     5 |       ||     5
       Short sword       |    26 |     9 ||    35
       Dagger            |       |     1 ||     1
 Cast: Magic Dart        |    59 |    45 ||   104
       Mephitic Cloud    |       |     1 ||     1
 Abil: Spit Poison       |     8 |     4 ||    12
  Use: Potion            |       |     3 ||     3
       Scroll            |       |     1 ||     1
  Eat: Chunk             |     1 |     2 ||     3
